 Dungeon Crawl Stone Soup version 0.17.0-56-gd8de76c (webtiles) character file.

577298 HandofTrog the Executioner (level 25, -1/228 (232) HPs)
             Began as a Minotaur Gladiator on Dec 3, 2015.
             Was the Champion of Cheibriados.
             Slain by a death ooze (10 damage)
             ... created by the royal jelly
             ... on level 6 of the Pits of Slime on Dec 5, 2015.
             The game lasted 05:30:06 (58996 turns).

HandofTrog the Executioner (Minotaur Gladiator)    Turns: 58996, Time: 05:30:06

HP:   -1/228 (232)  AC: 19    Str: 42    XL:     25   Next: 82%
MP:   28/36         EV: 26    Int: 20    God:    Cheibriados [******]
Gold: 5026          SH:  0    Dex: 27    Spells: 8 memorised, 14 levels left

rFire  + + +     SeeInvis +     K - +9 executioner's axe (flame)
rCold  + + +     Clarity  .     A - +1 gold dragon armour
rNeg   + . .     SustAt   .     (shield currently unavailable)
rPois  +         Gourm    .     (helmet restricted)
rElec  +         Spirit   .     O - +1 cloak {rPois}
rCorr  +         Warding  .     p - +0 pair of gloves
rMut   +         Stasis   .     a - +0 pair of boots of the Wilderness {rC++}
MR     +++..                    M - amulet of resist mutation
Stlth  ..........               h - ring of Ocumpo {rElec rC- MR+ AC+3 SInv}
                                B - ring "Yxysam" {rElec rF++ rN+ MR+ Str-4}

@: resistant, corroded equipment, very slow, extremely resistant to hostile
enchantments, extremely unstealthy
A: retaliatory headbutt, horns 2, deformed body, subdued magic 1
a: Bend Time, Temporal Distortion, Slouch, Step From Time, Renounce Religion
}: 3/15 runes: decaying, silver, gossamer


You were on level 6 of the Pits of Slime.
You worshipped Cheibriados.
Cheibriados was exalted by your worship.
You were full.

You visited 10 branches of the dungeon, and saw 55 of its levels.
You visited 1 bazaar.

You collected 6556 gold pieces.
You spent 1530 gold pieces at shops.

Inventory:

Hand Weapons
 K - a +9 executioner's axe of flaming (weapon)
Missiles
 z - 8 javelins of penetration
 Z - 34 tomahawks (quivered)
Armour
 a - the +0 pair of boots of the Wilderness (worn) {rC++}
   (You found it on level 3 of the Depths)

   It greatly protects you from cold.
 p - a +0 pair of gloves (worn)
 A - a +1 gold dragon armour (worn)
 O - a +1 cloak of poison resistance (worn)
Rods
 J - a +2 rod of shadows (13/13)
   (You took it off a yaktaur on level 4 of the Vaults)
Jewellery
 g - the amulet "Yxarraof" {Ward rC+ rN+ MR+}
   (You bought it in a shop on level 3 of the Orcish Mines)

   [amulet of warding]

   It may prevent the melee attacks of summoned creatures.
   It protects you from cold.
   It protects you from negative energy.
   It affects your resistance to hostile enchantments.
 h - the ring of Ocumpo (right hand) {rElec rC- MR+ AC+3 SInv}
   (You bought it in a shop on level 3 of the Orcish Mines)

   [ring of protection]

   It affects your AC (+3).
   It makes you vulnerable to cold.
   It insulates you from electricity.
   It affects your resistance to hostile enchantments.
   It lets you see invisible.
 B - the ring "Yxysam" (left hand) {rElec rF++ rN+ MR+ Str-4}
   (You took it off a vault warden on level 2 of the Vaults)

   [ring of positive energy]

   It affects your strength (-4).
   It greatly protects you from fire.
   It insulates you from electricity.
   It protects you from negative energy.
   It affects your resistance to hostile enchantments.
 M - an amulet of resist mutation (around neck)
Wands
 j - a wand of heal wounds (5)
 v - a wand of invisibility (5)
 P - a wand of digging (7)
 V - a wand of heal wounds (6)
Scrolls
 b - a scroll of recharging
 c - 3 scrolls of magic mapping
 l - 13 scrolls of fear
 C - 3 scrolls of holy word
 F - 16 scrolls of teleportation
 G - a scroll of blinking
 L - 3 scrolls of fog
 U - 10 scrolls of remove curse
 X - a scroll of silence
Potions
 e - 6 potions of agility
 f - 16 potions of curing
 i - a potion of cure mutation
 k - 3 potions of invisibility
 m - 5 potions of cancellation
 t - 4 potions of flight
 D - 3 potions of magic
 S - 5 potions of heal wounds
Miscellaneous
 u - a legendary deck of wonders {the Alchemist}
Comestibles
 o - 5 meat rations
 I - 21 bread rations


   Skills:
 - Level 20.3 Fighting
 + Level 25.1 Axes
   Level 3.6 Staves
 - Level 10.9 Throwing
 - Level 20.0 Armour
 - Level 18.4 Dodging
   Level 9.0 Shields
 - Level 10.3 Spellcasting
 - Level 11.4 Necromancy
 - Level 3.6 Translocations
 - Level 10.3 Invocations
 - Level 10.3 Evocations


You had 14 spell levels left.
You knew the following spells:

 Your Spells              Type           Power        Failure   Level  Hunger
a - Regeneration          Chrm/Necr      ###.......   5%          3    None
b - Animate Dead          Necr           N/A          1%          4    ##.....
c - Pain                  Necr           ####         1%          1    None
d - Vampiric Draining     Necr           #####.....   1%          3    None
e - Deflect Missiles      Chrm/Air       #.........   100%        6    ######.
f - Blink                 Tloc           N/A          7%          2    None
g - Passwall              Trmt/Erth      #.........   83%         3    None
h - Controlled Blink      Tloc           N/A          100%        8    #######


Dungeon Overview and Level Annotations

Branches:
Dungeon (15/15)            Temple (1/1) D:4            Lair (8/8) D:9
  Swamp (4/4) Lair:3       Spider (4/4) Lair:4        Slime (6/6) Lair:6
    Orc (4/4) D:12            Elf (3/3) Orc:3        Vaults (5/5) D:14
  Crypt (0/3) Vaults:3     Depths (5/5) D:15            Zot (0/5) Depths:5

Altars:
Ashenzari
Cheibriados
Dithmenos
Elyvilon
Fedhas
Gozag
Kikubaaqudgha
Makhleb
Nemelex Xobeh
Okawaru
Qazlal
Ru
Sif Muna
Trog
Vehumet
Xom
Yredelemnul
Zin
The Shining One
Jiyva

Shops:
D:9 :   D:15 [   Orc:2 [   Orc:3 =   Orc:4 ?(}:   Elf:1 :   Vaults:2 (

Portals:
Hell: Depths:1 Depths:2 Depths:3 Depths:4 Depths:5
Abyss: Depths:1 Depths:2 Depths:3 Depths:4 Depths:5
Pandemonium: Depths:3
Ziggurat: Depths:3
Trove: Depths:1 (give +4 gold dragon armour)

Annotations:
D:15 1 exclusion
Swamp:4 Lernaean hydra
Slime:6 Royal Jelly


Innate Abilities, Weirdness & Mutations

You reflexively headbutt those who attack you in melee.
You have a pair of horns on your head.
Armour fits poorly on your strangely shaped body.
Your spells are a little easier to cast, but a little less powerful.


Message History

You destroy the death ooze!
That felt strangely unrewarding.
The royal jelly hits you!!!
* * * LOW HITPOINT WARNING * * *
You are splashed with acid!
The acid burns!
You resist.
* * * LOW HITPOINT WARNING * * *
The royal jelly hits you!
* * * LOW HITPOINT WARNING * * *
You are splashed with acid!
The acid burns!
You resist.
* * * LOW HITPOINT WARNING * * *
The death ooze completely misses you. You furiously retaliate!
You headbutt the death ooze! The death ooze closely misses you.
The acid blob spits acid at you. The splash of acid hits you! You resist.
* * * LOW HITPOINT WARNING * * *
The acid burns!
You resist.
* * * LOW HITPOINT WARNING * * *
The death ooze hits you!
* * * LOW HITPOINT WARNING * * *
The death ooze hits you!
You die...

,,,,,,,,.................,,,,,,,,
,,,,,,,,.................,,,,,,,,
,,,,,,,,.................,,,,,,,,
,,,,,,,,.................,,,,,,,,
,,,,,,,,.................,,,,,,,*
,*,,,,,,......J.J........,,,,,,**
**,,,,,,........J.J......,,,,,,,*
**,,,,*......JJJJJ......,,,,,,**
*,,,**#......J@J.......*,*****
*,*** ##.....JJ.J....#.*** ***
#.....#.....###** ##.#...##.###
###..#**## ###*


You could see the royal jelly, 4 acid blobs, 4 azure jellies and 5 death oozes.

Vanquished Creatures
  An ancient lich (Vaults:5)
  Mara (Swamp:3)
  Mennas (Depths:3)
  2 juggernauts (Depths:2)
  Frederick (Depths:4)
  Saint Roka (Vaults:3)
  A golden dragon (Depths:5)
  Nikola (Spider:1)
  the Enchantress (Depths:1)
  Jorgrun (Swamp:3)
  4 tentacled monstrosities
  Rupert (Orc:4)
  2 deep elf blademasters
  A deep elf master archer (Elf:3)
  3 liches
  2 titans
  7 acid blobs
  5 sphinxes
  Gastronok (Lair:3)
  Agnes (D:15)
  Frances (Elf:1)
  7 storm dragons
  5 shadow dragons
  2 thorn hunters
  A fire giant (shapeshifter) (Vaults:5)
  2 tengu reavers
  4 draconian monks (Depths:5)
  13 fire giants
  2 azure jellies
  Maud (Lair:6)
  8 frost giants
  7 emperor scorpions (Spider:4)
  3 iron dragons
  Louise (Spider:2)
  A draconian zealot (Depths:5)
  18 vault wardens
  7 ghost moths
  7 deep elf sorcerers
  14 ironheart preservers
  The ghost of PeterLawrence the Warrior, a journeyman GrFi of Okawaru (Orc:4)
  5 spriggan defenders
  20 very ugly things
  3 draconian annihilators (Depths:5)
  26 stone giants
  A war gargoyle (Vaults:5)
  Nessos (D:12)
  7 deep elf demonologists
  2 green draconians (Depths:5)
  2 salamander stormcallers
  4 black draconians (Depths:5)
  A white draconian (Depths:5)
  3 purple draconians (Depths:5)
  Azrael (Spider:3)
  5 vampire knights
  9 deep elf annihilators
  30 vault guards
  15 ettins
  5 deep elf death magi
  3 red draconians (Depths:5)
  Snorg (D:12)
  A fire dragon (shapeshifter) (Depths:2)
  3 death oozes (Slime:6)
  The ghost of altaj the Tainter, a journeyman FoVM of Elyvilon (D:15)
  8 fire dragons
  3 jiangshi (Depths:4)
  13 yaktaur captains
  5 deep elf high priests
  4 rakshasas
  Fannar (Lair:1)
  An ice dragon (shapeshifter) (Vaults:3)
  9 spriggan air magi
  3 ice dragons
  13 entropy weavers
  32 hydras
  A catoblepas (D:15)
  10 great orbs of eyes
  A ghost crab (Swamp:2)
  A death knight (Vaults:3)
  Erica (Lair:1)
  18 centaur warriors
  12 dancing weapons (Elf:2)
  17 ogre magi
  3 alligators
  8 deep troll earth magi
  9 deep troll shamans
  5 orc high priests (Orc:4)
  3 vampire magi
  11 tengu warriors
  8 spriggan berserkers
  Urug (Lair:1)
  The ghost of Yermak the Martial Artist, a novice OpAs of Cheibriados (D:10)
  Sonja (Lair:2)
  Nergalle (Lair:4)
  18 deep elf knights
  3 shadow wraiths
  3 giant orange brains
  3 fire crabs
  3 unseen horrors
  6 skeletal warriors (Vaults:1)
  4 iron trolls
  A fire crab (shapeshifter) (Vaults:4)
  4 spriggan druids
  An ice devil (Depths:3)
  3 flayed ghosts
  9 swamp dragons
  A swamp dragon (shapeshifter) (Vaults:2)
  2 death drakes (Depths:5)
  10 deep elf summoners
  5 lindwurms
  21 orb spiders
  3 necromancers
  4 wizards
  30 orc knights
  3 phantasmal warriors (Vaults:5)
  3 harpies (Vaults:1)
  33 deep trolls
  11 hornets
  17 ironbrand convokers
  A griffon (shapeshifter) (Vaults:2)
  22 wolf spiders
  8 hill giants
  23 deep elf conjurers
  3 oklob plants (Lair:6)
  5 large abominations (D:11)
  A faun (shapeshifter) (Vaults:2)
  5 moths of wrath
  2 manticores
  65 ugly things
  A salamander (shapeshifter) (Depths:2)
  11 griffons
  6 shining eyes
  10 black mambas
  An elephant (shapeshifter) (Depths:2)
  A rust devil (Depths:5)
  6 orc sorcerers
  21 elephants
  A guardian serpent (shapeshifter) (Depths:2)
  A black mamba (shapeshifter) (Vaults:1)
  3 centaur zombies
  11 cyclopes
  18 vault sentinels
  2 eyes of devastation
  A torpor snail (Lair:7)
  2 spiny frogs (shapeshifter)
  2 gargoyles
  16 demonic crawlers
  A komodo dragon (shapeshifter) (Vaults:5)
  70 yaktaurs
  33 spiny frogs
  2 fire drakes
  13 komodo dragons
  3 freezing wraiths
  4 tengu conjurers
  20 jumping spiders
  11 deep elf priests
  6 giant leeches
  A tengu simulacrum (Vaults:1)
  8 trolls
  42 two-headed ogres
  A wind drake (Depths:5)
  3 polar bears
  A trapdoor spider (shapeshifter) (Depths:1)
  6 boulder beetles
  95 slime creatures
  11 blink frogs
  8 bog bodies
  13 trapdoor spiders
  3 shadows
  61 redbacks
  2 spriggans (shapeshifter)
  A centaur simulacrum (D:14)
  9 air elementals
  38 deep elf fighters
  16 tarantellas
  24 deep elf magi
  12 spriggans
  4 wyverns
  4 wraiths
  Eustachio (D:5)
  A vampire (D:12)
  39 yaks
  A hippogriff (shapeshifter) (D:14)
  5 basilisks
  3 hungry ghosts
  20 hippogriffs
  7 wargs
  6 fire elementals (Spider:3)
  11 small abominations
  32 swamp worms
  A naga (shapeshifter) (Vaults:4)
  26 vampire mosquitoes
  8 insubstantial wisps (Swamp:3)
  2 mottled dragons
  A soldier ant (D:11)
  A hell hound (Spider:3)
  13 water moccasins
  11 wolves
  13 swamp drakes
  A human skeleton (Vaults:1)
  12 porcupines
  3 eyes of draining
  2 black bears
  58 orc warriors
  An eye of draining (shapeshifter) (Vaults:3)
  The ghost of gorblad the Skirmisher, an amateur HOGl of Okawaru (D:3)
  2 necrophages
  8 ice beasts
  18 spiders
  A tengu (shapeshifter) (Elf:1)
  An ogre (shapeshifter) (Elf:3)
  4 phantoms
  64 ogres
  A human zombie (Vaults:1)
  16 wasps
  19 crocodiles
  2 boggarts
  6 sky beasts
  2 big kobolds
  31 centaurs
  43 giant frogs
  6 scorpions
  A water moccasin skeleton (D:10)
  10 killer bees
  10 wights
  9 electric eels
  12 hounds
  3 crimson imps
  A quasit (D:5)
  A giant frog zombie (D:12)
  2 human simulacra
  3 giant frog skeletons
  8 jellies
  4 centaur skeletons
  42 orc priests
  12 iguanas
  5 hell rats (Lair:5)
  20 orc wizards
  16 worker ants
  2 sheep (shapeshifter)
  29 sheep
  3 hound skeletons
  3 worker ant zombies
  16 adders
  52 river rats
  5 shadow imps
  6 white imps (D:9)
  A worker ant simulacrum (D:9)
  6 oozes
  3 adder zombies
  5 worms
  2 giant geckos
  196 orcs
  A ball python (D:2)
  3 giant cockroaches
  10 goblins
  9 hobgoblins
  11 bats
  A giant gecko skeleton (D:4)
  A giant gecko zombie (D:6)
  5 giant newts
  22 jackals
  35 kobolds
  4 quokkas
  A quokka skeleton (D:8)
  9 rats
  6 crawling corpses
  4 fire vortices
  6 fungi
  17 plants
2609 creatures vanquished.

Vanquished Creatures (collateral kills)
  2 vault wardens (Vaults:5)
  2 very ugly things (Depths:2)
  A deep elf demonologist (Elf:3)
  A stone giant (Depths:2)
  A deep elf annihilator (Elf:3)
  2 vault guards (Vaults:5)
  A death ooze (Slime:6)
  A deep elf high priest (Vaults:5)
  2 yaktaur captains (Vaults:5)
  An ogre mage (Vaults:5)
  A deep elf knight (Elf:2)
  3 swamp dragons (Swamp:4)
  A deep elf conjurer (Vaults:5)
  A phantasmal warrior (Vaults:5)
  A hornet (Vaults:5)
  2 ugly things (Depths:2)
  A vault sentinel (Vaults:5)
  A tengu conjurer (Depths:2)
  A deep elf priest (Vaults:5)
  A bog body (Swamp:4)
  A slime creature (shapeshifter) (Vaults:5)
  A trapdoor spider (Spider:4)
  A deep elf fighter (Elf:2)
  2 crawling corpses (Vaults:5)
32 creatures vanquished.

Vanquished Creatures (others)
  A tengu reaver (Depths:4)
  A deep elf sorcerer (Elf:3)
  2 deep elf high priests (Elf:3)
  A centaur warrior (Vaults:1)
  An orc knight (D:15)
  An ugly thing (Vaults:4)
  A wolf spider (D:15)
  4 yaktaurs
  A two-headed ogre (Vaults:1)
  2 deep elf magi (Elf:3)
  A warg (D:15)
  2 orc warriors (Vaults:4)
  A swamp drake (Swamp:4)
  An orc priest (D:15)
  2 sheep (D:15)
  An orc (D:15)
  A jackal (D:9)
  13 bushes
  3 fire vortices
  30 fungi
  97 plants
167 creatures vanquished.

Grand Total: 2808 creatures vanquished

Notes
Turn   | Place    | Note
--------------------------------------------------------------
     0 | D:1      | HandofTrog the Minotaur Gladiator began the quest for the Orb.
     0 | D:1      | Reached XP level 1. HP: 18/18 MP: 0/0
   115 | D:1      | Reached XP level 2. HP: 15/26 MP: 1/1
   672 | D:2      | Reached skill level 4 in Fighting
   751 | D:2      | Reached XP level 3. HP: 33/33 MP: 2/2
  1126 | D:2      | Reached skill level 5 in Fighting
  1509 | D:3      | Reached XP level 4. HP: 42/42 MP: 3/3
  1561 | D:3      | Found a sparkling altar of Nemelex Xobeh.
  1625 | D:3      | Reached skill level 6 in Fighting
  1650 | D:3      | Noticed gorblad's ghost (amateur HOGl)
  1730 | D:3      | Reached XP level 5. HP: 13/51 MP: 4/4
  2221 | D:3      | Killed gorblad's ghost
  2221 | D:3      | Reached skill level 7 in Fighting
  2505 | D:4      | Reached XP level 6. HP: 52/61 MP: 5/5
  2551 | D:4      | Found a staircase to the Ecumenical Temple.
  2730 | D:4      | Found an iron altar of Okawaru.
  2872 | D:4      | Reached skill level 8 in Fighting
  3040 | Temple   | Entered the Ecumenical Temple
  3134 | Temple   | Learned a level 3 spell: Regeneration
  3145 | Temple   | Became a worshipper of Cheibriados the Contemplative
  3165 | D:5      | Entered Level 5 of the Dungeon
  3189 | D:5      | Found a radiant altar of Vehumet.
  3200 | D:5      | Noticed Eustachio
  3209 | D:5      | Killed Eustachio
  3209 | D:5      | Reached skill level 9 in Fighting
  3250 | D:5      | Reached XP level 7. HP: 67/70 MP: 6/6
  3374 | D:5      | Got a brightly glowing marble ring
  3376 | D:5      | Identified the ring "Unijam" {MR+ Int+4} (You found it on level 5 of the Dungeon)
  3806 | D:5      | Reached skill level 5 in Armour
  4371 | D:6      | Reached XP level 8. HP: 49/78 MP: 7/7
  4374 | D:6      | Reached * piety under Cheibriados
  4742 | D:6      | Reached skill level 1 in Spellcasting
  4896 | D:6      | Reached ** piety under Cheibriados
  5772 | D:7      | Reached XP level 9. HP: 56/83 MP: 11/13
  5898 | D:7      | Reached *** piety under Cheibriados
  5939 | D:7      | Reached skill level 1 in Necromancy
  6360 | D:7      | Found a sacrificial altar of Ru.
  6392 | D:7      | Found a deep blue altar of Sif Muna.
  6622 | D:8      | Found a basalt altar of Yredelemnul.
  6723 | D:8      | Found a blossoming altar of Fedhas.
  6899 | D:8      | Reached skill level 5 in Necromancy
  7201 | D:8      | Reached **** piety under Cheibriados
  7350 | D:8      | Reached skill level 5 in Dodging
  7421 | D:8      | Found a shattered altar of Ashenzari.
  7522 | D:9      | Reached XP level 10. HP: 39/91 MP: 10/14
  8115 | D:9      | Found Lipreree's Book Shop.
  8122 | D:9      | Found a shattered altar of Ashenzari.
  8205 | D:9      | Reached ***** piety under Cheibriados
  8288 | D:9      | Found a staircase to the Lair.
  9190 | Lair:1   | Entered Level 1 of the Lair of Beasts
  9236 | Lair:1   | Noticed Fannar
  9244 | Lair:1   | Killed Fannar
  9244 | Lair:1   | Reached skill level 10 in Dodging
  9325 | Lair:1   | Reached skill level 11 in Dodging
  9342 | Lair:1   | Noticed Erica
  9360 | Lair:1   | Killed Erica
  9360 | Lair:1   | Reached XP level 11. HP: 22/97 MP: 15/15
  9673 | Lair:1   | Noticed Urug
  9691 | Lair:1   | Killed Urug
  9862 | Lair:1   | Reached skill level 1 in Axes
 10004 | Lair:1   | Noticed a black mamba
 10008 | Lair:1   | Killed a black mamba
 10121 | Lair:1   | Reached skill level 5 in Axes
 10212 | Lair:1   | Noticed a six-headed hydra
 10217 | Lair:1   | Killed a three-headed hydra
 10263 | Lair:1   | Reached ****** piety under Cheibriados
 10603 | Lair:1   | Reached skill level 10 in Fighting
 11121 | Lair:2   | Reached skill level 5 in Spellcasting
 11222 | Lair:2   | Reached XP level 12. HP: 101/106 MP: 18/18
 11269 | Lair:2   | Reached skill level 10 in Armour
 11332 | Lair:2   | Noticed Sonja
 11506 | Lair:2   | Killed Sonja
 11534 | Lair:2   | Reached skill level 12 in Dodging
 11884 | Lair:2   | Got a dazzling dagger
 12218 | Lair:3   | Noticed Gastronok
 12224 | Lair:3   | Killed Gastronok
 12454 | Lair:3   | Noticed an eight-headed hydra
 12459 | Lair:3   | Killed a five-headed hydra
 12674 | Lair:3   | Reached skill level 1 in Invocations
 13162 | Lair:4   | Noticed a four-headed hydra
 13181 | Lair:4   | Killed a one-headed hydra
 13181 | Lair:4   | Reached skill level 5 in Invocations
 13446 | Lair:4   | Learned a level 4 spell: Animate Dead
 13448 | Lair:4   | Learned a level 1 spell: Pain
 13452 | Lair:4   | Learned a level 3 spell: Vampiric Draining
 13664 | Lair:4   | Noticed Nergalle
 13686 | Lair:4   | Killed Nergalle
 14139 | Lair:4   | Reached XP level 13. HP: 92/115 MP: 21/21
 14359 | Lair:4   | Found a hole to the Spider Nest.
 15737 | Lair:5   | Reached skill level 10 in Invocations
 16511 | Lair:6   | Noticed Maud
 16526 | Lair:6   | Killed Maud
 16572 | Lair:6   | Identified the +2 dagger of Fiushuli {pierce, rElec rN+} (You found it on level 2 of the Lair of Beasts)
 16844 | Lair:6   | Reached skill level 1 in Shields
 16965 | Lair:6   | Gained mutation: You have a pair of large horns on your head. [potion of beneficial mutation]
 16966 | Lair:6   | Gained mutation: Your mind is acute. (Int +2) [potion of beneficial mutation]
 17332 | Lair:7   | Reached skill level 5 in Shields
 18316 | Lair:8   | Entered Level 8 of the Lair of Beasts
 18387 | Lair:8   | Reached XP level 14. HP: 120/124 MP: 22/22
 19464 | Lair:8   | Reached skill level 10 in Axes
 19504 | Lair:8   | Identified the Catalogue of Aerial Enhancements (You found it on level 8 of the Lair of Beasts)
 19515 | Lair:8   | Learned a level 6 spell: Deflect Missiles
 20258 | Lair:1   | Identified 2 scrolls of acquirement
 20328 | D:10     | Entered Level 10 of the Dungeon
 20617 | D:10     | Noticed Yermak's ghost (novice OpAs)
 20622 | D:10     | Killed Yermak's ghost
 21513 | D:11     | Reached skill level 13 in Axes
 21557 | D:11     | Got a dazzling helmet
 21569 | D:11     | Identified the +0 helmet "Buroh" {rCorr} (You found it on level 11 of the Dungeon)
 21740 | D:12     | Noticed a storm dragon
 21748 | D:12     | Killed a storm dragon
 21750 | D:12     | Noticed Nessos
 21758 | D:12     | Reached skill level 14 in Axes
 21763 | D:12     | Killed Nessos
 21763 | D:12     | Reached XP level 15. HP: 124/129 MP: 15/23
 21809 | D:12     | Noticed Snorg
 21827 | D:12     | Killed Snorg
 21847 | D:12     | Got a crystal hand axe
 22046 | D:12     | Found a staircase to the Orcish Mines.
 22334 | D:12     | Identified the +4 hand axe of Bloodstone {elec, Dex+4} (You found it on level 12 of the Dungeon)
 22341 | D:12     | Identified a cursed +2 rod of destruction (11/11) (You found it on level 12 of the Dungeon)
 22355 | Orc:1    | Entered Level 1 of the Orcish Mines
 22532 | Orc:2    | Found Ranlof's Armour Shoppe.
 22849 | Orc:3    | Found a staircase to the Elven Halls.
 22873 | Orc:3    | Found Ocoskiu's Jewellery Boutique.
 22874 | Orc:3    | Reached skill level 15 in Axes
 22879 | Orc:3    | Bought the ring of Ocumpo {rElec rC- MR+ AC+3 SInv} for 415 gold pieces
 22879 | Orc:3    | Bought the amulet "Yxarraof" {Ward rC+ rN+ MR+} for 380 gold pieces
 23405 | Orc:2    | Found a radiant altar of Vehumet.
 23702 | Orc:1    | Found a burning altar of Makhleb.
 23770 | Orc:4    | Entered Level 4 of the Orcish Mines
 24041 | Orc:4    | Noticed Rupert
 24049 | Orc:4    | Killed Rupert
 24163 | Orc:4    | Noticed PeterLawrence's ghost (journeyman GrFi)
 24182 | Orc:4    | Killed PeterLawrence's ghost
 24504 | Orc:4    | Reached skill level 16 in Axes
 25156 | Orc:4    | Found Nyazun's Magic Scroll Shoppe.
 25157 | Orc:4    | Found Vaugh's Gadget Emporium.
 25157 | Orc:4    | Found Ugymosi's Weapon Shoppe.
 25158 | Orc:4    | Found Atumn's Book Shoppe.
 25168 | Orc:4    | Bought a scroll of identify for 22 gold pieces
 25168 | Orc:4    | Bought a scroll of remove curse for 33 gold pieces
 25168 | Orc:4    | Bought a scroll of magic mapping for 38 gold pieces
 25168 | Orc:4    | Bought a scroll of remove curse for 33 gold pieces
 25168 | Orc:4    | Bought a scroll of magic mapping for 38 gold pieces
 25168 | Orc:4    | Bought a scroll of identify for 22 gold pieces
 25540 | D:13     | Reached skill level 17 in Axes
 25730 | D:13     | Identified the Disquisition on Mutagenic Snow
 26155 | D:14     | Found a deep blue altar of Sif Muna.
 26174 | D:14     | Reached skill level 18 in Axes
 26283 | D:14     | Reached XP level 16. HP: 137/137 MP: 24/24
 26295 | D:14     | Got a translucent leather armour
 26434 | D:14     | Found a gate to the Vaults.
 26618 | D:15     | Entered Level 15 of the Dungeon
 26693 | D:15     | Reached skill level 19 in Axes
 27246 | D:15     | Upgraded the game from 0.17.0-28-g6e173f8 to 0.17.0-56-gd8de76c
 27549 | Spider:1 | Entered Level 1 of the Spider Nest
 27721 | Spider:1 | Noticed Nikola
 27739 | Spider:1 | Killed Nikola
 28219 | Spider:1 | Reached skill level 20 in Axes
 28767 | Spider:2 | Learned a level 2 spell: Blink
 29506 | Spider:3 | Noticed Louise
 29513 | Spider:2 | Killed Louise
 29520 | Spider:3 | Reached skill level 21 in Axes
 29602 | Spider:3 | Noticed Azrael
 29610 | Spider:3 | Killed Azrael
 30827 | Spider:4 | Entered Level 4 of the Spider Nest
 31094 | Spider:4 | Reached XP level 17. HP: 65/144 MP: 2/25
 31323 | Spider:4 | Reached skill level 22 in Axes
 32274 | Spider:4 | Reached skill level 23 in Axes
 32421 | Spider:4 | Got an aquamarine-encrusted chain mail
 32423 | Spider:4 | Identified the +5 chain mail "Visyo" {rElec Regen+ Dex-2} (You found it on level 4 of the Spider Nest)
 32425 | Spider:4 | Identified the cursed +0 leather armour of the Spheres {rF+ rC+ Int-3 Dex+2} (You found it on level 14 of the Dungeon)
 32657 | Spider:4 | Got a gossamer rune of Zot
 33072 | Lair:1   | Reached XP level 18. HP: 151/151 MP: 26/26
 33077 | Lair:1   | Learned a level 3 spell: Passwall
 33179 | Lair:3   | Found a staircase to the Swamp.
 33199 | Swamp:1  | Entered Level 1 of the Swamp
 33835 | Swamp:2  | Reached skill level 24 in Axes
 33942 | Swamp:2  | Found a basalt altar of Yredelemnul.
 34776 | Swamp:3  | Noticed Jorgrun
 34787 | Swamp:3  | Killed Jorgrun
 34897 | Swamp:3  | Noticed Mara
 34899 | Swamp:3  | Noticed HandofTrog's illusion
 34910 | Swamp:3  | Killed Mara
 34910 | Swamp:3  | Reached XP level 19. HP: 123/157 MP: 23/27
 35531 | Swamp:4  | Entered Level 4 of the Swamp
 35839 | Swamp:4  | Noticed the 27-headed Lernaean hydra
 36192 | Swamp:4  | Got a decaying rune of Zot
 36709 | D:15     | Found Ijok's Antique Armour Shoppe.
 36717 | D:15     | Bought a dazzling scale mail for 288 gold pieces
 36717 | D:15     | Identified the +3 scale mail of Keup {Int+4} (You bought it in a shop on level 15 of the Dungeon)
 36947 | D:15     | Noticed Agnes
 36956 | D:15     | Killed Agnes
 36982 | D:15     | Noticed altaj's ghost (journeyman FoVM)
 36989 | D:15     | Killed altaj's ghost
 37515 | D:15     | Found a staircase to the Depths.
 37741 | Elf:1    | Entered Level 1 of the Elven Halls
 38098 | Elf:1    | Noticed Frances
 38108 | Elf:1    | Killed Frances
 38114 | Elf:1    | Identified the Grimoire of Confrontation
 38439 | Elf:1    | Found Okogoett's Book Shop.
 38986 | Elf:2    | Found a huge runed gate.
 38988 | Elf:2    | Found a huge runed gate.
 38988 | Elf:2    | Found a huge runed gate.
 38989 | Elf:2    | Found a huge runed gate.
 38989 | Elf:2    | Found a huge runed gate.
 39012 | Elf:2    | Reached skill level 15 in Fighting
 39831 | Elf:3    | Entered Level 3 of the Elven Halls
 39958 | Elf:3    | Reached XP level 20. HP: 179/179 MP: 28/28
 41420 | Elf:3    | Got a faintly glowing short sword {vamp}
 41602 | Elf:3    | Got an uncursed polished halberd {freeze}
 41709 | Elf:3    | Identified the Almanac of the Aerial Oath
 41725 | Elf:3    | Got a translucent rapier
 41782 | Elf:3    | Got a brightly glowing golden amulet
 41811 | Elf:3    | Identified the cursed +0 short sword "Ebenirep" {vamp, rC- rN++ Int+4 Stlth-} (You took it off a deep elf death mage on level 3 of the Elven Halls)
 41812 | Elf:3    | Identified the +0 rapier "Leax" {pierce, rElec rPois} (You found it on level 3 of the Elven Halls)
 41813 | Elf:3    | Identified the amulet "Lukly" {Regen+ Str+6} (You found it on level 3 of the Elven Halls)
 41814 | Elf:3    | Identified the +8 halberd "Beetlebane" {freeze, rElec} (You took it off a deep elf fighter on level 3 of the Elven Halls)
 41816 | Elf:3    | Got a transparent short sword
 41817 | Elf:3    | Identified the +7 short sword "Guen" {freeze, rElec rN+ Dex-4 SInv} (You found it on level 3 of the Elven Halls)
 41829 | Elf:3    | Got a faintly glowing short sword
 41830 | Elf:3    | Identified the +7 short sword "Nycviloy" {venom, Str+4 Int-5 Dex+4} (You found it on level 3 of the Elven Halls)
 42614 | Depths:1 | Entered Level 1 of the Depths
 42864 | Depths:1 | Found a gateway to Hell.
 43103 | Depths:1 | Noticed the Enchantress
 43113 | Depths:1 | Killed the Enchantress
 43127 | Depths:1 | Got a faerie dragon armour
 43227 | Depths:1 | Identified the +2 faerie dragon armour {rCorr} (You took it off the Enchantress on level 1 of the Depths)
 43343 | Depths:1 | Found a one-way gate to the infinite horrors of the Abyss.
 43360 | Depths:1 | Got a brightly glowing spear {flame}
 43447 | Depths:1 | Found a portal to a secret trove of treasure.
 43802 | Depths:2 | Reached XP level 21. HP: 195/195 MP: 29/29
 43840 | Depths:2 | Noticed a juggernaut
 43851 | Depths:2 | Killed a juggernaut
 44179 | Depths:2 | HP: 5/195 [stone giant (24)]
 44921 | Depths:2 | Identified the Handbook of Enchanting Moulding
 44949 | Depths:2 | Noticed a juggernaut
 44957 | Depths:2 | Killed a juggernaut
 44957 | Depths:2 | Reached skill level 10 in Necromancy
 45280 | Depths:3 | Noticed Mennas
 45305 | Depths:3 | Killed Mennas
 45388 | Depths:3 | Reached skill level 15 in Dodging
 45611 | Depths:3 | Got a pair of faintly humming boots
 45622 | Depths:3 | Identified the cursed +0 pair of boots of the Wilderness {rC++} (You found it on level 3 of the Depths)
 46265 | Depths:3 | Reached XP level 22. HP: 140/206 MP: 30/30
 46323 | Depths:3 | Reached skill level 15 in Armour
 46612 | Depths:3 | Found a gateway to a ziggurat.
 46838 | Depths:3 | Found a one-way gate leading to the halls of Pandemonium.
 47334 | Depths:4 | Noticed Frederick
 47342 | Depths:4 | Killed Frederick
 48124 | Depths:5 | Entered Level 5 of the Depths
 48486 | Depths:5 | Reached skill level 5 in Throwing
 49138 | Depths:5 | Reached XP level 23. HP: 207/214 MP: 31/31
 49242 | Depths:5 | Reached skill level 10 in Throwing
 49410 | Depths:5 | Found a gate to the Realm of Zot.
 50061 | Lair:1   | Identified the +8 spear of Nalome {flame, rElec rC+} (You took it off a tengu warrior on level 1 of the Depths)
 50246 | D:13     | Reached skill level 1 in Evocations
 50282 | Vaults:1 | Entered Level 1 of the Vaults
 50552 | Vaults:1 | Reached skill level 5 in Evocations
 51940 | Vaults:2 | Got a warped marble ring
 52408 | Vaults:2 | Reached skill level 10 in Evocations
 52464 | Vaults:2 | Found Birifoq's Weapon Boutique.
 53056 | Vaults:3 | Noticed Saint Roka
 53073 | Vaults:3 | Killed Saint Roka
 53073 | Vaults:3 | Reached XP level 24. HP: 158/222 MP: 26/33
 53088 | Vaults:3 | Found a flickering gateway to a bazaar.
 53238 | Vaults:3 | Found a staircase to the Crypt.
 54057 | Vaults:3 | Identified the ring "Yxysam" {rElec rF++ rN+ MR+ Str-4} (You took it off a vault warden on level 2 of the Vaults)
 54240 | Vaults:4 | Found a flickering gateway to a bazaar.
 54260 | Bazaar   | Entered a bazaar
 54264 | Bazaar   | Found Voeck's Antique Weapon Boutique.
 54281 | Bazaar   | Found Mourot's Antique Weapon Shoppe.
 54292 | Bazaar   | Found Tyrem's Armour Shoppe.
 54332 | Bazaar   | Found Urithrod's Distillery.
 54337 | Bazaar   | Bought a potion of curing for 27 gold pieces
 54337 | Bazaar   | Bought a potion of invisibility for 72 gold pieces
 54337 | Bazaar   | Bought a potion of heal wounds for 45 gold pieces
 54337 | Bazaar   | Bought 2 potions of flight for 54 gold pieces
 54337 | Bazaar   | Bought a potion of flight for 27 gold pieces
 54337 | Bazaar   | Bought a potion of agility for 36 gold pieces
 54763 | Vaults:4 | Reached skill level 10 in Spellcasting
 55971 | Vaults:5 | Entered Level 5 of the Vaults
 56200 | Vaults:5 | Reached XP level 25. HP: 166/230 MP: 31/36
 56242 | Vaults:5 | Got a polished scythe {elec}
 56251 | Vaults:5 | Noticed an ancient lich
 56259 | Vaults:5 | Killed an ancient lich
 56303 | Vaults:5 | Got a pitted dagger {drain}
 56354 | Vaults:5 | Got a crystal hand axe {antimagic}
 56389 | Vaults:5 | Identified the +3 scythe of Xomaqewy {elec, *Noise +Rage rC+++ Dex+3} (You took it off a vault warden on level 5 of the Vaults)
 56390 | Vaults:5 | Identified the +12 dagger of the Sage {drain, rPois Int+3} (You took it off a deep elf high priest on level 5 of the Vaults)
 56391 | Vaults:5 | Identified the +5 hand axe of Overwhelming Force {antimagic, +Fly} (You took it off a deep elf high priest on level 5 of the Vaults)
 56594 | Vaults:5 | Got a silver rune of Zot
 56971 | Vaults:5 | Got a dull robe
 57701 | Lair:1   | Learned a level 8 spell: Controlled Blink
 57713 | Lair:1   | Identified the +2 robe of Tainwez {rC+ MP-9 Slay+5} (You took it off an ironheart preserver on level 5 of the Vaults)
 57894 | Lair:6   | Found a staircase to the Slime Pits.
 57911 | Slime:1  | Entered Level 1 of the Pits of Slime
 58006 | Slime:3  | Gained mutation: Scrolls take you a little longer to read. [a shining eye]
 58099 | Slime:3  | Lost mutation: Your mind is acute. (Int +2) [potion of cure mutation]
 58099 | Slime:3  | Lost mutation: You have a pair of large horns on your head. [potion of cure mutation]
 58099 | Slime:3  | Lost mutation: Scrolls take you a little longer to read. [potion of cure mutation]
 58176 | Slime:4  | Gained mutation: Armour fits poorly on your strangely shaped body. [a shining eye]
 58183 | Slime:4  | Gained mutation: Your spells are a little easier to cast, but a little less powerful. [a shining eye]
 58442 | Slime:6  | Entered Level 6 of the Pits of Slime
 58457 | Slime:6  | Identified a +2 rod of shadows (13/13) (You took it off a yaktaur on level 4 of the Vaults)
 58543 | Slime:6  | Found a viscous altar of Jiyva.
 58549 | Slime:6  | Noticed the royal jelly
 58550 | Slime:6  | Reached skill level 25 in Axes
 58996 | Slime:6  | HP: 9/228 [death ooze[the royal jelly] (8)]
 58996 | Slime:6  | Slain by a death ooze

Action                   |  1- 3 |  4- 6 |  7- 9 | 10-12 | 13-15 | 16-18 | 19-21 | 22-24 | 25-27 || total
-------------------------+-------+-------+-------+-------+-------+-------+-------+-------+-------++-------
Melee: Quarterstaff      |    76 |   104 |   370 |   158 |       |       |       |       |       ||   708
       Battleaxe         |       |       |       |   215 |   815 |   652 |  1048 |  1333 |   208 ||  4271
       Demon trident     |       |       |       |       |   163 |       |       |       |       ||   163
       Executioner's axe |       |       |       |       |       |       |       |       |   152 ||   152
Throw: Throwing net      |       |     2 |     2 |       |       |       |       |       |       ||     4
       Javelin           |       |       |       |     8 |     6 |       |     7 |       |       ||    21
       Tomahawk          |       |       |       |       |    16 |    62 |     3 |    57 |     7 ||   145
 Cast: Regeneration      |       |       |       |     1 |       |       |     2 |       |       ||     3
       Animate Dead      |       |       |       |       |       |     1 |     8 |     2 |     1 ||    12
       Blink             |       |       |       |       |       |       |     2 |     3 |       ||     5
Invok: Bend Time         |       |       |     1 |     4 |     4 |     1 |     1 |     3 |     1 ||    15
       Temporal Distorti |       |       |       |     1 |     3 |     6 |    15 |     6 |     4 ||    35
       Slouch            |       |       |       |       |    18 |    14 |    15 |    11 |     3 ||    61
       Step From Time    |       |       |       |       |       |     1 |     2 |     2 |       ||     5
Evoke: Wand              |       |       |       |       |     4 |       |    10 |     2 |     1 ||    17
       Deck              |       |       |       |       |       |     2 |       |       |       ||     2
       Rod               |       |       |       |       |       |       |       |       |     1 ||     1
  Use: Scroll            |     4 |     2 |     4 |    14 |    19 |     5 |    26 |    13 |    15 ||   102
       Potion            |       |     2 |     1 |     6 |     8 |     3 |    10 |     1 |     2 ||    33
 Stab: Sleeping          |     1 |       |       |       |       |       |     1 |     3 |       ||     5
       Held in net/web   |       |       |     1 |       |       |       |       |       |       ||     1
       Paralysed         |       |       |     2 |       |       |       |       |       |       ||     2
       Invisible         |       |       |     1 |       |     2 |     1 |     2 |       |       ||     6
       Distracted        |       |       |       |       |     1 |       |     1 |     3 |     1 ||     6
  Eat: Chunk             |     2 |     4 |     2 |     9 |     8 |     3 |       |     3 |       ||    31
       Bread ration      |       |     1 |     1 |       |       |       |       |     2 |     1 ||     5
       Royal jelly       |       |       |       |     1 |     3 |     6 |     2 |       |       ||    12
       Meat ration       |       |       |       |       |     4 |     1 |     5 |     3 |     2 ||    15
       Pizza             |       |       |       |       |       |     2 |     2 |       |       ||     4
       Fruit             |       |       |       |       |       |       |     2 |       |       ||     2
